 Dungeon Crawl Stone Soup version 0.26.1-11-gd32895ea62 (webtiles) character file.

Game seed: 18379337367178817029

13029 Amplified the Covert (level 11, -15/69 HPs)
             Began as a Vampire Ice Elementalist on July 9, 2021.
             Was an Elder of Makhleb.
             Demolished by a polar bear (18 damage)
             ... on level 1 of the Lair of Beasts.
             The game lasted 00:30:54 (15380 turns).

Amplified the Covert (Vampire Ice Elementalist)    Turns: 15380, Time: 00:30:55

Health: -15/69     AC: 20    Str:  8    XL:     11   Next: 70%
Magic:  14/21      EV: 10    Int: 23    God:    Makhleb [****..]
Gold:   636        SH:  7    Dex: 10    Spells: 16/24 levels left

rFire    + + .     SeeInvis +   t - +3 hand axe (elec)
rCold    + + +     Faith    .   r - +2 buckler
rNeg     + + +     Spirit   .   n - +3 ring mail of Hospitality {rF++ rC+ Int+3 Dex-5}
rPois    ∞         Reflect  .   p - +1 helmet
rElec    .         Harm     .   i - +0 cloak
rCorr    .         Rampage  .   v - +0 pair of gloves
Will     +....                  f - +2 pair of boots
Stlth    ++++++....             (no amulet)
HPRegen  0.00/turn              (no ring)
MPRegen  0.17/turn              (no ring)

@: icy armour, frozen ramparts, bloodless
A: fangs 3, see invisible, unbreathing
a: Bat Form, Revivify, Renounce Religion, Minor Destruction, Lesser Servant of
Makhleb, Major Destruction


You were on level 1 of the Lair of Beasts.
You worshipped Makhleb.
Makhleb was greatly pleased with you.
You visited 3 branches of the dungeon, and saw 14 of its levels.

You collected 636 gold pieces.

Inventory:

Hand Weapons
 k - a +3 morningstar
 t - a +3 hand axe of electrocution (weapon)
Missiles
 d - 58 poisoned darts (quivered)
Armour
 a - a +0 robe
 f - a +2 pair of boots (worn)
 i - a +0 cloak (worn)
 n - the +3 ring mail of Hospitality (worn) {rF++ rC+ Int+3 Dex-5}
   (You found it on level 8 of the Dungeon)

   It affects your intelligence (+3).
   It affects your dexterity (-5).
   It greatly protects you from fire.
   It protects you from cold.
 p - a +1 helmet (worn)
 r - a +2 buckler (worn)
 v - a +0 pair of gloves (worn)
Wands
 q - a wand of flame (20)
 y - a wand of random effects (15)
Scrolls
 e - 4 scrolls of immolation
 h - a scroll of magic mapping
 j - 4 scrolls of fog
 m - 3 scrolls of teleportation
 s - a scroll of amnesia
 x - a scroll of vulnerability
 A - 2 scrolls of remove curse
Potions
 b - a potion of heal wounds
 c - 2 potions of flight
 g - 2 potions of might
 l - 2 potions of curing
 u - a potion of magic
 w - a potion of cancellation
 z - a potion of attraction {unknown}
Miscellaneous
 o - a box of beasts


   Skills:
 * Level 8.7 Fighting
 * Level 5.6 Axes
 - Level 2.1 Dodging
 * Level 12.1 Stealth
 - Level 5.0 Shields
 * Level 7.2 Spellcasting
 - Level 8.0 Ice Magic
 - Level 5.2 Invocations


You had 16 spell levels left.
You knew the following spells:

 Your Spells              Type           Power        Failure   Level
a - Freeze                Ice            100%         1%          1
b - Frozen Ramparts       Ice            90%          2%          3
c - Ozocubu's Armour      Ice            45%          2%          3
d - Beastly Appendage     Tmut           16%          24%         1

Your spell library contained the following spells:

 Spells                   Type           Power        Failure   Level
 Wereblood                Tmut           8%           34%         2
 Hailstorm                Conj/Ice       26%          41%         4
 Ice Form                 Ice/Tmut       26%          41%         4
 Summon Ice Beast         Ice/Summ       26%          41%         4
 Spider Form              Tmut/Pois      4%           56%         3
 Blade Hands              Tmut           4%           100%        5


Dungeon Overview and Level Annotations

Branches:
Dungeon (12/15)            Temple (1/1) D:4            Lair (1/6) D:10
    Orc (0/2) D:9

Altars:
Ashenzari
Cheibriados
Dithmenos
Elyvilon
Fedhas
Gozag
Hepliaklqana
Kikubaaqudgha
Makhleb
Nemelex Xobeh
Okawaru
Qazlal
Ru
Sif Muna
Trog
Uskayaw
Vehumet
Wu Jian
Xom
Yredelemnul
Zin
The Shining One

Annotations:
D:7 Harold
D:9 3 runed translucent doors, PanSaczeczos's ghost, novice PaCj
D:10 2 transporters, Quickbrownfox's ghost, journeyman OpIE


Innate Abilities, Weirdness & Mutations

You do not regenerate when monsters are visible.
You are frail without blood (-20% HP).
You can heal yourself when you bite living creatures.
You are immune to poison.
You have razor-sharp teeth.
You have supernaturally acute eyesight. (SInv)
You can survive without breathing.


Message History

Casting: Ozocubu's Armour (dangerous; 2% risk of failure)
Confirm with . or Enter, or press ? or * to list all spells.
Casting: Frozen Ramparts (dangerous; 2% risk of failure)
Press: ? - help, Dir - look around, f - activate The walls around you are covered in ice.
The polar bear resists.
The wall freezes the polar bear.
You block the polar bear's attack. The polar bear claws you.
You block the polar bear's attack.
Unknown command.
Unknown command.
Unknown command.
You barely miss the polar bear.
The polar bear is almost dead.
The polar bear resists.
The wall freezes the polar bear.
The polar bear bites you!!
* * * LOW HITPOINT WARNING * * *
The polar bear closely misses you. You block the polar bear's attack.
The polar bear resists.
The wall freezes the polar bear.
The polar bear bites you!!
You die...

#..##
##.#.#
##..###
#...# .
#..##
..#
##.P#
#..#
#..##
#...#.##
#..†@#
####h#
#.. #...
....#
....#
....#
......


You could see a polar bear (berserk).

Vanquished Creatures
  A two-headed ogre (D:12)
  An ugly thing (D:10)
  2 manticores
  A cyclops (D:11)
  A cane toad (Lair:1)
  A centaur skeleton (D:12)
  A troll (D:11)
  Grinder (D:6)
  3 slime creatures (D:12)
  The ghost of RawMediocrity the Gusty, an amateur TeAE (D:4)
  Sigmund (D:6)
  12 yaks
  A wyvern (D:10)
  A basilisk (Lair:1)
  A steam dragon (D:11)
  Menkaure (D:6)
  A warg (D:9)
  4 water moccasins
  6 ice beasts
  3 orc warriors
  A necrophage (D:8)
  3 sky beasts
  8 ogres
  3 phantoms
  4 centaurs
  6 wolves (Lair:1)
  3 big kobolds
  8 bullfrogs
  A gnoll sergeant (D:10)
  A water moccasin zombie (D:8)
  6 scorpions
  A water moccasin skeleton (D:11)
  11 wights
  2 howler monkeys
  A quasit (D:6)
  2 hounds
  A bullfrog zombie (D:7)
  5 jellies
  6 orc priests
  3 bullfrog skeletons
  2 iguanas
  4 orc wizards
  15 worker ants
  3 hound skeletons
  A howler monkey zombie (D:10)
  A worker ant zombie (D:6)
  8 gnolls
  8 adders
  2 shadow imps
  2 white imps (D:8)
  An ufetubus (D:6)
  3 oozes
  3 adder zombies
  An adder skeleton (D:8)
  2 worms
  8 leopard geckos
  27 orcs
  4 giant cockroaches
  2 goblins
  5 hobgoblins
  7 jackals
  19 kobolds
  5 quokkas
  A ball python (D:1)
  6 bats
  3 frilled lizards
  A jackal zombie (D:7)
  A leopard gecko zombie (D:5)
  7 rats
272 creatures vanquished.

Vanquished Creatures (collateral kills)
  An ugly thing (D:11)
  An orc warrior (D:9)
  A big kobold (D:10)
  An orc priest (D:9)
  2 orc wizards (D:9)
  2 orcs (D:10)
8 creatures vanquished.

Vanquished Creatures (others)
  A plant (D:4)
1 creature vanquished.

Grand Total: 281 creatures vanquished

Notes
Turn   | Place    | Note
-------+----------+-------------------------------------------
     0 | D:1      | Amplified the Vampire Ice Elementalist began the quest for
                  | the Orb.
     0 | D:1      | Reached XP level 1. HP: 13/13 MP: 3/3
   307 | D:1      | Reached XP level 2. HP: 12/20 MP: 1/5
  1192 | D:2      | Reached skill level 1 in Fighting
  1327 | D:2      | Reached XP level 3. HP: 26/26 MP: 4/6
  1355 | D:2      | Learned a level 3 spell: Frozen Ramparts
  1455 | D:2      | Found an iron altar of Okawaru.
  1572 | D:2      | Reached skill level 4 in Stealth
  1919 | D:3      | Noticed an ice beast
  1964 | D:4      | Found a glowing golden altar of the Shining One.
  2100 | D:4      | Reached XP level 4. HP: 28/32 MP: 1/8
  2104 | D:4      | Learned a level 3 spell: Ozocubu's Armour
  2326 | D:4      | Reached XP level 5. HP: 38/38 MP: 9/9
  2339 | D:4      | Noticed a phantom
  2347 | D:5      | Entered Level 5 of the Dungeon
  2402 | D:5      | Reached skill level 5 in Stealth
  2505 | D:5      | Noticed an ice beast
  2750 | D:4      | Found a staircase to the Ecumenical Temple.
  2761 | D:4      | Reached skill level 5 in Ice Magic
  2761 | D:4      | Reached XP level 6. HP: 46/46 MP: 6/11
  2809 | Temple   | Entered the Ecumenical Temple
  2980 | Temple   | Became a worshipper of Makhleb the Destroyer
  3079 | D:4      | Found a runed translucent door.
  3083 | D:4      | Noticed RawMediocrity's ghost (amateur TeAE)
  3173 | D:4      | Reached skill level 6 in Stealth
  3381 | D:4      | Learned a level 1 spell: Beastly Appendage
  3731 | D:5      | Reached skill level 1 in Invocations
  3731 | D:5      | Reached XP level 7. HP: 32/52 MP: 8/12
  4191 | D:3      | Found a blossoming altar of Fedhas.
  4715 | D:6      | Noticed Menkaure
  4737 | D:6      | Killed Menkaure
  4738 | D:6      | Reached skill level 7 in Stealth
  4742 | D:6      | Reached XP level 8. HP: 34/48 MP: 8/14
  4748 | D:6      | Reached * piety under Makhleb
  4934 | D:6      | HP: 2/54 [ogre/+0 giant club (28)]
  5113 | D:6      | Noticed Grinder
  5232 | D:7      | Reached skill level 8 in Stealth
  5644 | D:7      | Reached skill level 5 in Spellcasting
  5927 | D:7      | Noticed Harold
  6124 | D:6      | Killed Grinder
  6125 | D:6      | Reached skill level 9 in Stealth
  6464 | D:6      | Reached XP level 9. HP: 45/53 MP: 11/17
  6683 | D:6      | Noticed Sigmund
  6697 | D:6      | Killed Sigmund
  6708 | D:6      | Reached skill level 5 in Fighting
  6846 | D:6      | Found a sacrificial altar of Ru.
  7181 | D:5      | Reached ** piety under Makhleb
  8607 | D:8      | Reached skill level 10 in Stealth
  8814 | D:8      | Got a fading ring mail
  8815 | D:8      | Identified the +3 ring mail of Hospitality {rF++ rC+ Int+3
                  | Dex-5} (You found it on level 8 of the Dungeon)
  8932 | D:8      | Noticed a two-headed ogre
 10134 | D:4      | Killed RawMediocrity's ghost
 10135 | D:4      | Reached skill level 5 in Invocations
 10249 | D:8      | Reached *** piety under Makhleb
 10267 | D:9      | Found a runed translucent gate.
 10268 | D:9      | Found a runed translucent gate.
 10269 | D:9      | Found a runed translucent gate.
 10270 | D:9      | Noticed PanSaczeczos's ghost (novice PaCj)
 10300 | D:9      | Reached XP level 10. HP: 53/60 MP: 15/19
 10618 | D:9      | Found a staircase to the Orcish Mines.
 10944 | D:9      | Got a slimy arbalest
 10955 | D:9      | Reached skill level 11 in Stealth
 11211 | D:9      | Reached skill level 1 in Shields
 11363 | D:10     | Entered Level 10 of the Dungeon
 11393 | D:10     | Found a transporter.
 11421 | D:10     | Found a transporter.
 11424 | D:10     | Noticed Quickbrownfox's ghost (journeyman OpIE)
 11496 | D:10     | Found a staircase to the Lair.
 11889 | D:10     | Reached skill level 1 in Axes
 11929 | D:10     | Identified the +2 arbalest of Orral {flame, rN+ MP+9 Int-5}
                  | (You found it on level 9 of the Dungeon)
 12073 | D:10     | Reached **** piety under Makhleb
 12154 | D:10     | Noticed a purple ugly thing
 12164 | D:10     | Killed a green ugly thing
 12565 | D:11     | Noticed a manticore
 12752 | D:11     | Noticed a red ugly thing
 12755 | D:11     | Noticed a cyclops
 13421 | D:12     | Reached XP level 11. HP: 39/67 MP: 16/20
 13767 | D:12     | Noticed a two-headed ogre
 13796 | D:12     | Killed a two-headed ogre
 14151 | D:11     | Killed a purple ugly thing
 14504 | D:11     | Reached skill level 5 in Shields
 14852 | D:10     | Reached skill level 5 in Axes
 14875 | Lair:1   | Entered Level 1 of the Lair of Beasts
 15368 | Lair:1   | Reached skill level 12 in Stealth
 15380 | Lair:1   | HP: 3/69 [polar bear (20)]
 15380 | Lair:1   | Demolished by a polar bear

Illustrated notes

Levels and vault maps discovered:
D:1:      saegor_arrival_simple_c, layout_basic
D:2:      layout_basic, lemuel_coloured_pillars_altar
D:3:      layout_rooms, fedhas_altar_2
D:4:      layout_loops_cross, minmay_temple_entry_mist, ebering_ghost_sewer_d,
          serial_forest, infiniplex_forest_pool, infiniplex_forest_fountain,
          infiniplex_forest_lined_3, infiniplex_forest_straight_4,
          infiniplex_forest_zigzag_1, infiniplex_forest_clump_diagonal,
          infiniplex_forest_lined_3_way, tso_altar
D:5:      layout_loops_ring, serial_glass, glass_columns_b, glass_columns_b,
          feat_on_display, chequers_serial_rivers_marsh
D:6:      layout_rooms, serial_curves, eino_curves_04, eino_curves_02,
          eino_curves_02, hangedman_abyss_or_decor_passed,
          nicolae_ru_the_path_less_chosen, uniq_grinder, uniq_menkaure,
          uniq_sigmund
D:7:      lemuel_ice_spiral_2, layout_basic, uniq_harold
D:8:      layout_cave_pools
D:9:      minmay_general_purpose_star, layout_long_grid, david_orc_3,
          gammafunk_ghost_necromancy
D:10:     layout_cave_pods, lair_entry_dummy, gammafunk_ghost_arena,
          blue_anna_alchemist [blue_anna_fruit_fields, blue_anna_fruit_fields]
D:11:     layout_loops_ring
D:12:     layout_stronghold
Temple:   grunt_wide_crystal_templ
Lair:1:   layout_cave_pods, chequers_serial_rivers_small_a, minivault_23,
          grunt_megastairs_4, uniq_nergalle

Skill      XL: |  1  2  3  4  5  6  7  8  9 10 11 |
---------------+----------------------------------+-----
Fighting       | 1 2 3 4 5 7 8 |  8.7
Stealth        | 4 5 6 7 9 10 11 12 | 12.1
Spellcasting   | 3 4 5 6 7 |  7.2
Ice Magic      | 5 6 7 8 |  8.0
Invocations    | 1 2 3 5 |  5.2
Shields        | 4 5 |  5.0
Axes           | 3 5 |  5.6
Dodging        | |  2.1

Action                   |  1- 3 |  4- 6 |  7- 9 | 10-12 || total
-------------------------+-------+-------+-------+-------++-------
Melee: Whip              |    45 |   106 |   268 |       ||   419
       Unarmed           |     1 |       |       |       ||     1
       Bite              |     4 |     7 |    37 |    15 ||    63
       Kick              |       |     1 |     9 |       ||    10
       Headbutt          |       |     1 |     1 |       ||     2
       Morningstar       |       |       |   185 |    62 ||   247
       Hand axe          |       |       |       |   245 ||   245
Throw: Dart              |       |       |     8 |    20 ||    28
 Cast: Freeze            |    40 |       |     5 |       ||    45
       Frozen Ramparts   |     4 |    11 |    51 |    35 ||   101
       Ozocubu's Armour  |       |     2 |    10 |    13 ||    25
       Beastly Appendage |       |     1 |     3 |       ||     4
Invok: Minor Destruction |       |       |     2 |       ||     2
       Lesser Servant of |       |       |       |     5 ||     5
 Abil: Exsanguinate      |       |       |     2 |       ||     2
       Revivify          |       |       |     1 |       ||     1
Evoke: Wand              |       |       |    19 |     5 ||    24
       Box of beasts     |       |       |       |     1 ||     1
  Use: Scroll            |     2 |     3 |    14 |    10 ||    29
       Potion            |       |     7 |     5 |       ||    12
 Stab: Sleeping          |     1 |     3 |    15 |    15 ||    34
       Distracted        |       |       |       |     2 ||     2
Armor: Robe              |    28 |    15 |   115 |       ||   158
       Skin              |       |    18 |       |       ||    18
       Ring mail         |       |       |    67 |   155 ||   222
Dodge: Dodged            |    55 |    50 |   335 |   135 ||   575
Block: Buckler           |       |       |       |    68 ||    68
